[Event "Late-Titled-Tuesday-Blitz-July-09-2024"]
[Site "Chess.com"]
[Date "2024.07.09"]
[Round "4"]
[White "Beaterawn"]
[Black "FloMasterAAK"]
[Result "0-1"]
[WhiteElo "2431"]
[BlackElo "2649"]
[TimeControl "180+1"]
[EndTime "14:39:52 PDT"]
[Termination "FloMasterAAK won on time"]

1. e4 c5 2. Nf3 e6 3. d4 cxd4 4. Nxd4 Nc6 5. Nxc6 bxc6 6. Bd3 Qc7 7.
O-O Nf6 8. Nc3 h5 9. Qf3 Ng4 10. Bf4 Bd6 11. Bxd6 Qxd6 12. g3 Rb8 13. b3 Ne5 14.
Qe2 h4 15. Rad1 hxg3 16. hxg3 Qe7 17. Kg2 Bb7 18. Rh1 Rxh1 19. Rxh1 Kd8 20. Ba6 Kc7 21. Bxb7 Rxb7 22. Qe3 f6 23. Rh8 g5 24. Ra8 Qa3 25.
Na4 Qxa2 26. Rxa7 Rxa7 27. Qxa7+ Kd8 28. Qc5 Ke8 29. f4 gxf4 30. gxf4 Ng6 31. Kf3 Qb1 32.
f5 Ne5+ 33. Ke3 Qg1+ 34. Kd2 Qg2+ 35. Kc3 exf5 36. exf5 Qf3+ 37. Kb2 Qxf5 38. Qd4 Nf3 39. Qc4 Ne5 40. Qd4 Nf3 41. Qc4 Qe5+ 42. Nc3 Ng5 43. Ka2 Ne6 44. Ne4 f5 45. Nc3 f4 46. Qd3 Ke7 47. Qh7+ Kd6 48. Qd3+ Kc7 49. Ne4 Qa5+ 50. Kb2 Qe5+ 51. Ka2 Nd4 52. Nd2 Nb5 0-1

[Event "Late-Titled-Tuesday-Blitz-July-09-2024"]
[Site "Chess.com"]
[Date "2024.07.09"]
[Round "4"]
[White "Flawless_Fighter"]
[Black "NovoselovRoman"]
[Result "0-1"]
[WhiteElo "2757"]
[BlackElo "2574"]
[TimeControl "180+1"]
[EndTime "14:39:54 PDT"]
[Termination "NovoselovRoman won by resignation"]

1. Nf3 Nf6 2. g3 d5 3. Bg2 e6 4.
O-O Be7 5. d4 O-O 6. Nbd2 c5 7.
c3 Nc6 8. e3 b6 9. b3 cxd4 10.
exd4 Bb7 11. Bb2 Rc8 12. Re1 h6 13. Rc1 Nh7 14. h4 Re8 15. c4 Bf6 16. Ne5 Bxe5 17. dxe5 Nf8 18. cxd5 exd5 19. Nf1 Ne7 20. Rxc8 Qxc8 21.
Ne3 Rd8 22. Qd3 d4 23. Nc4 Ba6 24. Rc1 Ne6 25. Qd2 Bxc4 26. Rxc4 Qb8 27. f4 Nf5 28. Kh2 Ne3 29. Rc1 Nxg2 30. Qxg2 h5 31. Rd1 g6 32.
Qf3 Qa8 33. Kg2 Qc8 34. Rd2 Qc5 35. f5 Ng7 36. fxg6 fxg6 37. Qe4 Nf5 38. e6 Qd5 39. Qxd5 Rxd5 40. Kf3 Re5 41. Bxd4 Rxe6 42. Bb2 Kf7 43.
Rd7+ Re7 44. Rd3 Rc7 45. Be5 Rc2 46. a4 Ke6 47. Bf4 Rb2 48. Ke4 Re2+ 49. Kf3 Rb2 50. Bb8 a6 51. Bc7 b5 52. axb5 axb5 53. Bf4 Rc2 54.
Bg5 Rb2 55. Bf4 Rxb3 56. Rxb3 Nd4+ 57. Ke4 Nxb3 58. Be3 Na5 59. Kd4 Kf5 60. Kc5 Nc4 61. Bf4 Nb2 62. Kxb5 Nd3 63. Bd6 Kg4 64. Kc4 Nc1 65.
Kd5 Ne2 66. Ke6 Nxg3 67. Kf6 Ne4+ 68. Ke5 Nxd6 0-1

[Event "Late-Titled-Tuesday-Blitz-July-09-2024"]
[Site "Chess.com"]
[Date "2024.07.09"]
[Round "4"]
[White "MikaelyanArman"]
[Black "Vladimir_2020"]
[Result "0-1"]
[WhiteElo "2886"]
[BlackElo "2768"]
[TimeControl "180+1"]
[EndTime "14:39:55 PDT"]
[Termination "Vladimir_2020 won by resignation"]

1. d4 d5 2. Nf3 Nf6 3. Bf4 e6 4.
e3 Bd6 5. Nbd2 c5 6. dxc5 Bxf4 7.
exf4 Qc7 8. g3 Qxc5 9. Bd3 Bd7 10. O-O Bb5 11. c4 dxc4 12. Rc1 O-O 13. Nxc4 Bxc4 14. Rxc4 Qe7 15. Ne5 Na6 16. Qf3 Rac8 17. Rfc1 Rxc4 18. Rxc4 Nc5 19. Bc2 Nd5 20. b4 Nd7 21. Qd3 g6 22. Nxd7 Qxd7 23. Bb3 Rd8 24. Rd4 Qc6 25. Qd1 Rd7 26. Qf3 Qb6 27. Rc4 Rc7 28. Rxc7 Nxc7 29.
Qd3 Nd5 30. a3 Qc6 31. Bc4 Nb6 32. Qd8+ Kg7 33. Qd4+ Kg8 34. Bf1 a6 35. h4 h5 36.
Bg2 Nd5 37. Kh2 b6 38. Qe5 a5 39. bxa5 bxa5 40. Qb8+ Kg7 41. Qa7 Qb6 42. Qd7 Qxf2 43. Kh3 Ne3 44. Qd4+ Kh7 45. Qe4 Qxg2+ 46. Qxg2 Nxg2 47.
Kxg2 f6 48. Kf3 Kg7 49. Ke4 Kf7 50. Kd4 Ke7 51. Kc5 e5 52. Kd5 exf4 53. gxf4 Kd7 54. a4 Ke7 55. Kc5 g5 56. fxg5 fxg5 57. hxg5 h4 58. Kb5 h3 59. Kxa5 h2 60. Kb6 h1=Q 61.
a5 Qb1+ 62. Ka7 Qb5 63. a6 Kf7 64. g6+ Kxg6 65. Ka8 Qxa6+ 0-1

[Event "Late-Titled-Tuesday-Blitz-July-09-2024"]
[Site "Chess.com"]
[Date "2024.07.09"]
[Round "4"]
[White "Paladin61"]
[Black "Truequitos"]
[Result "1-0"]
[WhiteElo "2732"]
[BlackElo "2540"]
[TimeControl "180+1"]
[EndTime "14:39:55 PDT"]
[Termination "Paladin61 won on time"]

1. c4 c6 2. e4 d5 3. exd5 cxd5 4.
cxd5 Nf6 5. Nc3 Nxd5 6. Nf3 g6 7. Bb5+ Nc6 8. Ne5 Qd6 9. d4 Bg7 10. O-O Nxc3 11. bxc3 O-O 12. Bxc6 bxc6 13. Re1 c5 14. Ba3 Rd8 15. Qf3 Bxe5 16. Rxe5 Qb8 17. Bxc5 Qb2 18.
Rae1 Bb7 19. Qf4 Qxc3 20. Rxe7 Bd5 21. h4 h5 22. Qf6 Rac8 23. R1e3 Qa1+ 24. Kh2 Qxa2 25.
Rg3 Qc2 26. Rxa7 Qe4 27. f3 Qc2 28. Re7 Rc6 29. Qe5 Re6 30. Rxe6 Bxe6 31. Qf6 Re8 32. Bd6 Qf5 33. Be5 Qxf6 34. Bxf6 Bd5 35. Rg5 Ba2 36. Ra5 Be6 37. d5 Bd7 38. d6 Kh7 39. Ra7 Be6 40. d7 Bxd7 41. Rxd7 Rf8 42. Kg3 Kg8 43. Kf4 Re8 44. Rd8 Kf8 45. Bg7+ Ke7 46. Bf6+ Kf8 47. Kg5 Rxd8 48. Bxd8 1-0

[Event "Late-Titled-Tuesday-Blitz-July-09-2024"]
[Site "Chess.com"]
[Date "2024.07.09"]
[Round "4"]
[White "Teyarty"]
[Black "Giorno"]
[Result "1-0"]
[WhiteElo "2300"]
[BlackElo "2520"]
[TimeControl "180+1"]
[EndTime "14:39:55 PDT"]
[Termination "Teyarty won on time"]

1. e4 d5 2. exd5 Qxd5 3. Nf3 Bg4 4. Be2 Nc6 5. c3 O-O-O 6. Qb3 Qxb3 7. axb3 e5 8. Ng5 Bxe2 9. Kxe2 Nh6 10. d3 a6 11.
Nd2 Be7 12. Nc4 Rd5 13. Rd1 Bxg5 14. Bxg5 Nf5 15. Ne3 Nxe3 16. fxe3 f6 17. Bh4 Rb5 18.
b4 a5 19. bxa5 Rxb2+ 20. Rd2 Rb3 21. Rc2 Kd7 22. Be1 Ra8 23. Rca2 Ra6 24. Bd2 Rb5 25. c4 Rb3 26. Ra3 Rxa3 27. Rxa3 b6 28. Kd1 Nxa5 29.
Kc2 Kc6 30. Bb4 Kb7 31. Bf8 Ra8 32. Bxg7 Rg8 33. Bxf6 Rxg2+ 34. Kc3 Nc6 35. h4 h6 36. Ra1 Rf2 37. Bg7 h5 38. Bh6 Rh2 39. Bg5 Nb8 40. Rf1 Nd7 41. Rf7 Nc5 42. Re7 Ra2 43. d4 exd4+ 44. exd4 Na6 45. Rh7 Ra3+ 46. Kb2 Rd3 47. Bf6 Nb4 48. Be5 Ka6 49. Rxc7 Rh3 50. Bf6 Nd3+ 51.
Kb1 Rh2 52. d5 Nc5 53. Rh7 Ne4 54. Bb2 Nd2+ 55. Ka2 Nxc4 56. Kb3 Nxb2 57. d6 Rd2 58. Kc3 Rxd6 59. Kxb2 Rd5 60. Kc3 Kb5 61. Rh8 Rf5 62. Rg8 Kc5 63. Rc8+ Kd5 64. Rb8 Rf6 65. Rh8 Rf5 66.
Rh6 b5 67. Kb4 Ke4 68. Rh8 Kf4 69. Rg8 Kf3 70. Rg5 Rxg5 71. hxg5 h4 72. g6 h3 73.
g7 h2 74. g8=Q h1=Q 75. Qa8+ 1-0

[Event "Late-Titled-Tuesday-Blitz-July-09-2024"]
[Site "Chess.com"]
[Date "2024.07.09"]
[Round "4"]
[White "evgchess5"]
[Black "GHANDEEVAM2003"]
[Result "0-1"]
[WhiteElo "2859"]
[BlackElo "3181"]
[TimeControl "180+1"]
[EndTime "14:39:57 PDT"]
[Termination "GHANDEEVAM2003 won on time"]

1. e4 c6 2. d4 d5 3. exd5 cxd5 4. Bd3 Nc6 5. c3 g6 6. Nf3 Bf5 7. O-O Nf6 8. Re1 e6 9. Bf4 Nh5 10. Bg5 Qb6 11. Bxf5 gxf5 12. Nbd2 Rg8 13. Nb3 Bd6 14. Rc1 Qb5 15. c4 dxc4 16. d5 Ne5 17. Nxe5 Rxg5 18. dxe6 Rd8 19. exf7+ Kf8 20. Nd4 Qd5 21.
Nef3 Rg6 22. Qc2 Nf4 23. Qxf5 Rxg2+ 24. Kf1 Qxf7 25. Qxf7+ Kxf7 26. Rxc4 Rdg8 27. Nf5 Bb8 28. Nh6+ Kf6 29. Nxg8+ Rxg8 30. Ree4 Ne6 31. Rg4 Rd8 32. Rc1 h5 33. Rgc4 Bf4 34. Re1 Bb8 35. Rce4 Nf4 36. Rd4 Rc8 37. Rd7 b6 38. Rb7 Bd6 39. Rd1 Bc5 40.
Rxa7 Rg8 41. Rc7 Rg2 42. Rc6+ Ke7 43. Nd4 Rxh2 44. Nf5+ Ke8 45. Ke1 Bxf2+ 46. Kd2 Bd4+ 47. Kc1 Bxb2+ 48. Kb1 Ba3 0-1

[Event "Late-Titled-Tuesday-Blitz-July-09-2024"]
[Site "Chess.com"]
[Date "2024.07.09"]
[Round "4"]
[White "ChessBrainiacOnTwitch"]
[Black "legendisback1"]
[Result "0-1"]
[WhiteElo "2818"]
[BlackElo "3037"]
[TimeControl "180+1"]
[EndTime "14:39:59 PDT"]
[Termination "legendisback1 won by resignation"]

1. e4 g6 2. d4 c6 3. Nc3 d5 4. e5 Bg7 5. f4 h5 6. Bd3 Nh6 7. Nf3 Bg4 8. Be3 e6 9. O-O Nf5 10. Bf2 Nd7 11. h3 Bxf3 12. Qxf3 Qb6 13. Ne2 h4 14. c3 a5 15. Rab1 Bf8 16. b3 Be7 17.
Kh2 O-O 18. Qg4 Nh6 19. Qf3 a4 20. b4 Qc7 21. Ng1 b6 22. Qe2 c5 23. Nf3 Rfc8 24.
Bxh4 Bxh4 25. Nxh4 cxd4 26. cxd4 Qc3 27. Nf3 Qa3 28. g4 Rc3 29. Rfd1 Rac8 30. f5 exf5 31. g5 Nf8 32. gxh6 Ne6 33. Qd2 Rxd3 34. Qxd3 Rc3 35. h7+ Kxh7 36. Qe2 Rxf3 37. Rb3 axb3 38. Qxf3 Qxa2+ 39. Kh1 b2 40. Qf1 Qc4 41. Qf3 Qc2 42. Qf1 Nxd4 43.
e6 Nxe6 44. Rb1 Ng5 45. Qd1 Qxd1+ 46. Rxd1 Ne4 47. Rb1 Nf2+ 48. Kg2 Nd3 49. Kf3 d4 50. Ke2 Ne5 51. Rxb2 d3+ 52. Kd1 f4 53. Ra2 f3 54.
Rh2 Kh6 55. Kd2 Kg5 56. Ke3 Kh4 57. Kf4 g5+ 58. Ke3 Kg3 59. Rd2 Nc4+ 0-1

[Event "Late-Titled-Tuesday-Blitz-July-09-2024"]
[Site "Chess.com"]
[Date "2024.07.09"]
[Round "4"]
[White "Chessbard1972"]
[Black "jk13"]
[Result "0-1"]
[WhiteElo "2280"]
[BlackElo "2662"]
[TimeControl "180+1"]
[EndTime "14:40:01 PDT"]
[Termination "jk13 won by checkmate"]

1. d4 Nf6 2. c4 e6 3. Nf3 Bb4+ 4. Nbd2 O-O 5. a3 Be7 6. Qc2 d5 7. e3 b6 8. Bd3 c5 9. b3 Bb7 10. Bb2 cxd4 11. exd4 Nc6 12. O-O Rc8 13. Qd1 Qc7 14.
Qe2 Qf4 15. Rfe1 Rfd8 16. Rad1 Bd6 17. g3 Qg4 18. Qe3 h6 19. Be2 Qf5 20. Nh4 Qh3 21. Bf1 Qg4 22. h3 Qg5 23. f4 Bxf4 24. Qxf4 dxc4 25.
Nxc4 Qd5 26. Bg2 Qb5 27. Nd6 Qxb3 28. Nxb7 Rd7 29. Nd6 Nh5 30. Qg4 Nf6 31. Qf3 Qxf3 32. Nxf3 Rxd6 33. Ne5 Ne7 34. Rc1 Rxc1 35. Rxc1 Ne8 36.
Nc6 Nf5 37. Nxa7 Nxg3 38. Kf2 Nf5 39. Nb5 Rd8 40. Rc7 Nf6 41. Bb7 g5 42. Rc8 Rxc8 43.
Bxc8 Kf8 44. Ba6 Ke7 45. Bc3 Ne4+ 46. Kf3 Nf6 47. Bb4+ Kd7 48. Nc3 Nxd4+ 49. Ke3 Nf5+ 50. Kd2 h5 51. Bb5+ Kd8 52. a4 g4 53. hxg4 hxg4 54. Ne2 Ne4+ 55. Ke1 g3 56. Nxg3 Nfxg3 57. a5 bxa5 58.
Bxa5+ Ke7 59. Kd1 f5 60. Bb4+ Kf6 61. Bc4 e5 62. Ba5 f4 63. Bd8+ Kf5 64. Bd5 Nc3+ 65.
Ke1 Nxd5 66. Kf2 e4 67. Kg2 e3 68. Kh3 Ke4 69. Ba5 Nf1 70. Kg2 Nd2 71. Kg1 f3 72.
Kh2 f2 73. Kg3 f1=Q 74. Kg4 Qf4+ 75. Kh5 Qg3 76. Bxd2 Nf4+ 77. Kh6 Qg6# 0-1

[Event "Late-Titled-Tuesday-Blitz-July-09-2024"]
[Site "Chess.com"]
[Date "2024.07.09"]
[Round "4"]
[White "djano"]
[Black "JavierRuizVazquez"]
[Result "1-0"]
[WhiteElo "2595"]
[BlackElo "2419"]
[TimeControl "180+1"]
[EndTime "14:40:04 PDT"]
[Termination "djano won by checkmate"]

1. e4 c6 2. d3 d5 3. Bf4 Nd7 4. Nf3 g6 5. exd5 cxd5 6. d4 Bg7 7. Nc3 Ngf6 8. Nb5 O-O 9. Bc7 Qe8 10. Bg3 Qd8 11. Bd3 a6 12. Nc3 Qb6 13. O-O Qxb2 14. Qd2 Qb6 15. Rfe1 e6 16. a4 Nh5 17. Be5 Bxe5 18. dxe5 Qc7 19. Ra3 Kg7 20. g4 Nhf6 21.
exf6+ Nxf6 22. Ne5 b6 23. Qf4 Bb7 24. Re3 Qc5 25.
Qxf6+ Kxf6 26. Nd7+ Kg7 27. Nxc5 bxc5 28. Re1 c4 29.
Bf1 Bc6 30. Raa1 Rfb8 31. Rab1 Kf8 32. a5 Ke7 33. f4 Kd6 34. Kf2 f6 35. g5 fxg5 36.
fxg5 e5 37. Rbd1 Kc5 38. Nxd5 Rf8+ 39. Kg3 Bxd5 40. Rxe5 Rad8 41. Bg2 Rf5 42. Re7 Bxg2 43. Rxd8 Bc6 44. h4 Rf3+ 45. Kg4 Ra3 46. Rc7 Kb5 47. Rb8+ Kc5 48. Rbc8 Rxa5 49. Rxc6+ Kb4 50. Kg3 Ka3 51. Rxc4 Rd5 52. R8c5 Rd7 53. Rc7 Rd6 54. R4c6 Rd1 55. Rxa6+ Kb2 56. Rb6+ Kc1 57. Rxh7 Rd2 58. Rxg6 Re2 59.
Kg4 Kd2 60. Kh5 Re4 61. Rf6 Ke3 62. Rhf7 Kd2 63. Rf4 Re5 64. c4 Kc3 65. Kh6 Kb4 66.
g6 Kc5 67. g7 Re6+ 68. Kh7 Rh6+ 69. Kxh6 Kd6 70. c5+ Ke5 71. g8=Q Ke6 72. Qe8+ Kd5 73. Qd7+ Ke5 74. R7f5# 1-0

[Event "Late-Titled-Tuesday-Blitz-July-09-2024"]
[Site "Chess.com"]
[Date "2024.07.09"]
[Round "4"]
[White "BardArtem"]
[Black "JoJoZP"]
[Result "0-1"]
[WhiteElo "2796"]
[BlackElo "2531"]
[TimeControl "180+1"]
[EndTime "14:40:08 PDT"]
[Termination "JoJoZP won by checkmate"]

1. e4 c5 2. Nf3 d6 3. d4 cxd4 4.
Qxd4 Nc6 5. Qd3 Nf6 6. Nc3 g6 7. e5 dxe5 8. Qxd8+ Nxd8 9. Nxe5 Nd7 10. Bf4 Ne6 11.
Bg3 Bg7 12. Bb5 a6 13. Bxd7+ Bxd7 14. Nxd7 Kxd7 15. O-O-O+ Kc6 16. Nd5 Rhe8 17. Rhe1 Rad8 18. Nxe7+ Kc5 19. f3 Rxd1+ 20. Rxd1 Bd4 21. c3 Rxe7 22. cxd4+ Kd5 23. Be5 Re8 24. Rd3 Rc8+ 25. Kd2 Rc4 26. b3 Rc6 27. g4 g5 28. Bg3 f6 29. Bf2 Nf4 30. Re3 Re6 31. Rxe6 Nxe6 32. Kc3 Nf4 33. Be3 Ng2 34. Kd2 b6 35. Ke2 Nh4 36. a3 h6 37.
Bf2 Ng6 38. Be3 Ne7 39. a4 Nc6 40. Kd3 Na5 41. Kc3 Nc6 42. Bf2 Ne7 43. Bg3 Nc6 44. Bf2 Nd8 45. Kd3 Ne6 46. Be3 b5 47.
axb5 axb5 48. b4 Nd8 49. h4 Nc6 50. Kc3 gxh4 51. Bxh6 Nxd4 52. f4 h3 53. g5 fxg5 54.
fxg5 h2 55. g6 h1=Q 56. g7 Qf3+ 57. Kb2 Qb3+ 58. Kc1 Qc2# 0-1

[Event "Late-Titled-Tuesday-Blitz-July-09-2024"]
[Site "Chess.com"]
[Date "2024.07.09"]
[Round "4"]
[White "Individoom"]
[Black "SantoBlue"]
[Result "0-1"]
[WhiteElo "2757"]
[BlackElo "2994"]
[TimeControl "180+1"]
[EndTime "14:40:10 PDT"]
[Termination "SantoBlue won on time"]

1. d4 d6 2. Nf3 c5 3. dxc5 Qa5+ 4. c3 Qxc5 5. g3 Nf6 6. Bg2 g6 7. O-O Bg7 8. Re1 O-O 9. e4 Nc6 10. Nbd2 Qh5 11. Nd4 Qxd1 12. Rxd1 Ne5 13. Nf1 Bd7 14. Ne3 Rab8 15. b3 b5 16. Bb2 Rfc8 17. h3 a5 18. Nd5 Kf8 19. Rac1 a4 20. Ba3 axb3 21. axb3 Nc6 22. Nxc6 Bxc6 23. Bb4 Bxd5 24. exd5 Nd7 25. h4 Rc7 26. Bh3 h5 27. Ra1 Nb6 28. Rd3 Bf6 29. Kg2 Kg7 30. Ra6 Nd7 31. Rc6 Rbb7 32. f4 Nb8 33. Rxc7 Rxc7 34. Kf2 Na6 35. Bf1 Nxb4 36.
cxb4 Rc2+ 37. Kf3 Rb2 38. Be2 Rb1 39. Re3 Bd4 40. Rd3 Bb6 41. Kg2 Rb2 42. Kf3 Kf6 43. Rc3 Bd4 44. Rd3 Ba7 45. Rc3 Bb6 46. Rd3 Kg7 47.
Rc3 Bg1 48. Rd3 Kf8 49. Rc3 Kg8 50. Rd3 Bh2 51. Rc3 Bxg3 52. Bxb5 Bxh4 53. Bc6 Be1 54.
Re3 Rf2+ 55. Kg3 h4+ 56. Kh3 Rxf4 57. Rxe1 Kf8 58. b5 Rb4 59. Rg1 Kg7 60. Rg4 Rxb3+ 61. Kxh4 f5 62. Ra4 Kh6 0-1

[Event "Late-Titled-Tuesday-Blitz-July-09-2024"]
[Site "Chess.com"]
[Date "2024.07.09"]
[Round "4"]
[White "OparinGrigoriy"]
[Black "oskariot"]
[Result "1-0"]
[WhiteElo "3012"]
[BlackElo "2803"]
[TimeControl "180+1"]
[EndTime "14:40:12 PDT"]
[Termination "OparinGrigoriy won on time"]

1. Nf3 c5 2. g3 g6 3. Bg2 Bg7 4. c4 Nc6 5. Nc3 e5 6. O-O Nge7 7. a3 d6 8. Rb1 a5 9. Ne1 h5 10. h4 Bg4 11. d3 Qd7 12. Nc2 Bh3 13. Ne3 Bxg2 14. Kxg2 O-O 15. Ned5 Nxd5 16. Nxd5 Ne7 17. Nxe7+ Qxe7 18. b4 cxb4 19. axb4 a4 20. b5 d5 21.
cxd5 e4 22. Bg5 Qe5 23. dxe4 Qxe4+ 24. f3 Qc4 25. d6 a3 26. d7 a2 27. Rc1 Qxb5 28.
d8=Q Rfxd8 29. Bxd8 a1=Q 30. Rxa1 Rxa1 31. Qd2 Rxf1 32. Kxf1 Qc6 33. Ba5 b5 34. Bb4 Qc4 35. Kg2 Kh7 36. Ba5 Bd4 37. Bb4 Bc5 38. Bc3 b4 39. Bb2 Qb3 40. Kh3 Qe6+ 41. Kg2 Qe3 42. Qd1 b3 43. Kh3 Qf2 44. Be5 Be3 45. f4 Qg1 46.
Qxg1 Bxg1 47. Kg2 Bc5 48. Bb2 Bf8 49. e4 Bb4 50. Kf2 f5 51. e5 Kg8 52. Ke2 Kf7 53. Bd4 Ke6 54. Kd1 Kd5 55. Bb2 Ke4 56. Ke2 Kd5 57. Kd1 Bc5 58. Ke2 Kc4 59.
Kd2 Kd5 60. Ke2 Bd4 61. Bxd4 Kxd4 62. Kd2 Kc4 63. Kc1 Kc3 64. Kb1 b2 65. e6 1-0

[Event "Late-Titled-Tuesday-Blitz-July-09-2024"]
[Site "Chess.com"]
[Date "2024.07.09"]
[Round "4"]
[White "hakanazeri2"]
[Black "GilbertoHernandezAmura"]
[Result "1-0"]
[WhiteElo "2684"]
[BlackElo "2512"]
[TimeControl "180+1"]
[EndTime "14:40:12 PDT"]
[Termination "hakanazeri2 won by checkmate"]

1. e4 e5 2. Nf3 Nc6 3. Bb5 a6 4. Ba4 d6 5. c3 Nf6 6. d4 Bd7 7.
O-O g6 8. dxe5 Nxe5 9. Nxe5 dxe5 10. Bg5 Bxa4 11. Qxd8+ Rxd8 12. Bxf6 Rg8 13. Bxd8 Kxd8 14. Nd2 Bc6 15. Rfd1 Kc8 16. f3 f5 17. b4 Bh6 18. a4 b5 19. axb5 axb5 20. Kf2 Rf8 21.
Ke2 Bxd2 22. Rxd2 fxe4 23. fxe4 Bxe4 24. Ke3 Bc6 25. Rad1 Kb7 26. Rf2 Ra8 27. g3 Ra3 28. Rc1 Bd5 29. Rf8 Ra2 30. Rf2 Ra3 31. h4 Kc6 32. g4 Kd6 33. g5 c6 34. h5 gxh5 35. Rf6+ Ke7 36. Rh6 Kf7 37. Rxh5 Kg6 38. Rh6+ Kxg5 39.
Rxh7 Ra2 40. Rg1+ Kf6 41. Rh6+ Kf7 42. Rh7+ Kf6 43. Rh6+ Kf7 44. Rg5 e4 45. Rf5+ Ke7 46. Re5+ Kd7 47. Rg5 Kc7 48. Rg7+ Kb6 49. Rhh7 Ra8 50.
Rb7+ Ka6 51. Kd4 e3 52. Kxe3 Re8+ 53. Kd4 Ra8 54. Rbc7 Kb6 55. Rb7+ Ka6 56. Rbd7 Rb8 57. Kc5 Ra8 58. Rc7 Bf3 59. Rhg7 Bd5 60. Rg1 Be4 61.
Ra1# 1-0

[Event "Late-Titled-Tuesday-Blitz-July-09-2024"]
[Site "Chess.com"]
[Date "2024.07.09"]
[Round "4"]
[White "rionelG"]
[Black "MikeSailer"]
[Result "1-0"]
[WhiteElo "2424"]
[BlackElo "2102"]
[TimeControl "180+1"]
[EndTime "14:40:12 PDT"]
[Termination "rionelG won on time"]

1. e4 d5 2. exd5 Qxd5 3. Nc3 Qd6 4. g3 c6 5. Bg2 Nf6 6. d4 Bf5 7. Nf3 e6 8. O-O Qc7 9. Re1 Bd6 10. Ne5 Nbd7 11.
Nc4 O-O 12. Nxd6 Qxd6 13. a3 a5 14. Bf4 Qe7 15. Qd2 Nb6 16. Re5 Nbd5 17. Nxd5 Nxd5 18.
c3 Nxf4 19. Qxf4 Qf6 20. Rae1 Bg6 21. Qxf6 gxf6 22. Rc5 Rfc8 23. h4 Kf8 24. f4 Bd3 25.
Be4 f5 26. Bxd3 Ke7 27. Rce5 Kd6 28. Kf2 b5 29. Bf1 b4 30. axb4 axb4 31. c4 Ra2 32.
R1e2 b3 33. Bg2 Rb8 34. Rc5 Rb6 35. Rce5 Rb4 36. Rc5 Rb6 37. Bf1 f6 38. Ke3 Ra1 39. Bg2 Rb1 40. Kf2 Rc1 41. Ra5 Rxc4 42. Ra8 Rc2 43.
Rd8+ Kc7 44. Bf3 Rb4 45. Re8 Rbc4 46. Rxe6 Kb6 47. Re7 Kb5 48. Re6 Kb4 49. Re7 Rxe2+ 50. Bxe2 Rc2 51. Rb7+ Ka5 52. Rc7 Rxb2 53. Rxc6 Kb4 54.
Rc5 Rc2 55. Rxf5 1-0

[Event "Late-Titled-Tuesday-Blitz-July-09-2024"]
[Site "Chess.com"]
[Date "2024.07.09"]
[Round "4"]
[White "Dexter_Dyke"]
[Black "le-castor-faineant"]
[Result "1/2-1/2"]
[WhiteElo "2493"]
[BlackElo "2348"]
[TimeControl "180+1"]
[EndTime "14:40:17 PDT"]
[Termination "Game drawn by 50-move rule"]

1. e4 e5 2. f4 d5 3. exd5 exf4 4. Nf3 Nf6 5. c4 c6 6. d4 cxd5 7. Bxf4 Bb4+ 8. Nc3 O-O 9. Be2 dxc4 10. O-O Nc6 11.
Bg5 h6 12. Bxf6 Qxf6 13. Ne5 Qd6 14. Nb5 Qd8 15. Bxc4 Nxe5 16. dxe5 Bd7 17. Nd6 Bxd6 18. exd6 Rc8 19. Qb3 Qb6+ 20. Qxb6 axb6 21. Bd5 Bc6 22. Rad1 Bxd5 23. Rxd5 Rfd8 24. Rfd1 Rc2 25. Rb5 Rc6 26. d7 Rc7 27. Rxb6 Rdxd7 28. Rxd7 Rxd7 29. a4 Kf8 30. b4 Ke7 31. a5 Rc7 32. b5 Kd7 33. a6 bxa6 34. bxa6 Rc1+ 35. Kf2 Ra1 36. Rb7+ Ke6 37. a7 Ra3 38. Ke2 g5 39. g4 f5 40. Rb6+ Kf7 41.
gxf5 Rxa7 42. Rxh6 Ra5 43. f6 Rf5 44. Ke3 Rxf6 45. Rh7+ Kg6 46. Rh8 Rf7 47. Rg8+ Kh5 48. h3 Kh4 49. Rh8+ Kg3 50. Ke4 Rf4+ 51. Ke5 Rh4 52.
Rg8 Kxh3 53. Rxg5 Rg4 54. Rh5+ Rh4 55. Rf5 Rg4 56. Rf8 Kg2 57. Ra8 Rb4 58. Rg8+ Kf2 59. Rf8+ Kg2 60. Rc8 Kf2 61. Kd5 Kg2 62. Rc2+ Kf3 63.
Kc5 Ra4 64. Kb5 Rh4 65. Rc3+ Ke2 66. Rc5 Kf3 67. Rf5+ Ke2 68. Rf8 Ke3 69. Kc5 Ke2 70. Kd5 Ke3 71. Re8+ Kd2 72. Rg8 Ke3 73. Rg3+ Kf2 74.
Ra3 Ke2 75. Ke5 Kd2 76. Kf5 Kc2 77. Kg5 Rb4 78. Rf3 Kd2 79. Kf5 Ke2 80. Rh3 Kf2 81.
Rh2+ Kg3 82. Ra2 Kf3 83. Ke5 Kg3 84. Kd5 Kf3 85. Kc5 Rh4 86. Ra3+ Ke2 87. Ra2+ Kf3 88. Ra8 Ke2 89. Kd5 Kf2 90. Ke5 Ke2 91. Kf5 Kd2 92. Kg5 Rb4 93. Rd8+ Ke2 94. Re8+ Kf2 95. Rf8+ Ke2 96.
Rc8 Kd2 97. Kf5 Ke2 98. Ke5 Kd2 99. Rh8 Ke2 100. Rh2+ Kf3 101. Ra2 Ke3 102. Kd5 Kf3 103. Ra3+ 1/2-1/2

[Event "Late-Titled-Tuesday-Blitz-July-09-2024"]
[Site "Chess.com"]
[Date "2024.07.09"]
[Round "4"]
[White "PattyCastillo"]
[Black "scandalgod"]
[Result "0-1"]
[WhiteElo "1984"]
[BlackElo "2644"]
[TimeControl "180+1"]
[EndTime "14:40:18 PDT"]
[Termination "scandalgod won by checkmate"]

1. d4 d5 2. Nf3 Nf6 3. e3 c6 4. Nbd2 Bf5 5. c4 e6 6. Qb3 Qc7 7. Bd3 Bxd3 8. Qxd3 Nbd7 9. O-O Be7 10. b3 O-O 11.
Bb2 Rfd8 12. Rac1 Qa5 13. a3 Rac8 14. b4 Qa6 15. Rfd1 Nb6 16. Ne5 Nfd7 17. c5 Nxe5 18. Qxa6 bxa6 19. dxe5 Nd7 20. Bd4 a5 21. e4 Rb8 22.
exd5 exd5 23. Rb1 Rb5 24. Rb3 Rdb8 25. Rdb1 axb4 26. axb4 Bg5 27. Nf3 Be7 28. Nd2 h6 29. f4 Nf8 30. Kf2 Ne6 31. Ke3 g5 32. g3 Kg7 33. f5 Nxd4 34. Kxd4 f6 35. e6 Bd8 36. Kc3 Bc7 37. Re1 Be5+ 38. Rxe5 fxe5 39. Nf3 d4+ 40. Kc4 a5 41. Nxe5 Rxb4+ 42. Rxb4 Rxb4+ 43.
Kd3 Kf6 44. Nxc6 Rb5 45. Kxd4 a4 46. Kc4 Rb1 47. Nd4 a3 48. Nc2 a2 49. Kd3 Rb2 50. Kc3 Rxc2+ 51. Kxc2 a1=Q 52. e7 Qa8 53. e8=Q Qxe8 54. Kd3 Qc6 55. Kc4 Kxf5 56. Kb4 Ke4 57. Ka5 Kf3 58. Kb4 Kg2 59. Kc4 Kxh2 60. Kd4 Kxg3 61. Ke5 h5 62. Kf5 h4 63. Kxg5 h3 64.
Kh5 h2 65. Kg5 h1=Q 66. Kf5 Qh5# 0-1

[Event "Late-Titled-Tuesday-Blitz-July-09-2024"]
[Site "Chess.com"]
[Date "2024.07.09"]
[Round "4"]
[White "TheAlienParty"]
[Black "Schattman"]
[Result "0-1"]
[WhiteElo "2327"]
[BlackElo "2493"]
[TimeControl "180+1"]
[EndTime "14:40:20 PDT"]
[Termination "Schattman won on time"]

1. c4 e6 2. Nf3 d5 3. cxd5 exd5 4. d4 c6 5. Nc3 h6 6. e3 Nf6 7. Bd3 Bg4 8. Qc2 Bxf3 9. gxf3 Nbd7 10. f4 Rc8 11.
Qa4 a6 12. b4 Bd6 13. a3 O-O 14. Ne2 Ne4 15. Qc2 Re8 16. O-O g5 17. fxg5 hxg5 18. Ng3 Ndf6 19. f3 Nxg3 20. hxg3 Bxg3 21. Bf5 Rc7 22.
Qg2 Bh4 23. Ra2 a5 24. f4 Nh7 25. Qh3 f6 26. Rg2 Rg7 27. Bd2 a4 28. Kh1 Qe7 29. Rfg1 Qf7 30. Qf3 b6 31. Bg4 Re7 32. Bh5 Qe6 33.
Bg4 Qe4 34. Rh2 Qxf3+ 35. Bxf3 Kf8 36. fxg5 fxg5 37. Bg4 Rgf7 38. Rc1 Nf6 39. Be2 Rc7 40.
Be1 Ne4 41. Bxh4 gxh4 42. Rxh4 Ng3+ 43. Kg2 Nxe2 44. Rh8+ Ke7 45. Rch1 Nc3 46. R1h7 Rxh7 47. Rxh7+ Kd8 48. Rh8+ Kd7 49. Kf3 Nb5 50. Ke2 Nxa3 51. Ra8 Nb5 52. Kd3 Ra7 53. Rh8 a3 54. Rh7+ Kd6 55.
Rh6+ Kd7 56. Rh7+ Kc8 57. Rh8+ Kb7 58. Kc2 a2 59. Rh7+ Kb8 60. Rxa7 Kxa7 61. Kb2 Nc3 0-1

[Event "Late-Titled-Tuesday-Blitz-July-09-2024"]
[Site "Chess.com"]
[Date "2024.07.09"]
[Round "4"]
[White "dawid498"]
[Black "zacachess"]
[Result "1-0"]
[WhiteElo "2677"]
[BlackElo "2489"]
[TimeControl "180+1"]
[EndTime "14:40:24 PDT"]
[Termination "dawid498 won on time"]

1. e4 c5 2. Nc3 Nc6 3. Bb5 Nd4 4. Bc4 e6 5. Nge2 Ne7 6. Nxd4 cxd4 7. Ne2 Nc6 8. c3 dxc3 9. dxc3 Be7 10. Bf4 d6 11. O-O O-O 12. Qd2 Ne5 13. Bb3 Bd7 14. Nd4 Rc8 15. Rad1 Bc6 16. Nxc6 Rxc6 17. Qe3 Qb6 18. Qxb6 Rxb6 19. Be3 Ra6 20. h3 Rc8 21. f4 Nc4 22. Bc1 b5 23. f5 Bf6 24. fxe6 fxe6 25. Rf3 Be5 26. Kf2 Rac6 27. Ke2 a5 28. a4 Rb6 29. axb5 Rxb5 30. Ba4 Rb7 31. b3 Nb6 32. Bb5 Nd7 33. Bc4 Nc5 34. Be3 Re7 35. Bxc5 Rxc5 36. Kd3 g6 37. Kc2 Kg7 38. Rfd3 Rc6 39. Ra1 Rc5 40. Rf3 Re8 41. Raf1 Re7 42. g4 Rcc7 43. Bb5 Rc5 44. c4 Rcc7 45. Rd3 Ra7 46. Rfd1 Rf7 47. R1d2 Rfe7 48.
Kb1 Rf7 49. Ka2 Rfe7 50. Ka3 Rf7 51. Ka4 Rfe7 52. Re2 Rf7 53. Rdd2 Rf1 54. Rf2 Rxf2 55. Rxf2 Bc3 56. Rf3 Bb4 57. Rd3 Rf7 58. e5 dxe5 59. Re3 Rf1 60. Bc6 1-0